 Dungeon Crawl Stone Soup version 0.26.0-5-gb5863c6483 (webtiles) character file.

Game seed: 7155411085566841929

20348 Eitelfritz the Brawler (level 12, -6/99 HPs)
             Began as a Troll Monk on Jan 10, 2021.
             Was an Elder of Hepliaklqana.
             Mangled by a large slime creature (20 damage)
             ... on level 12 of the Dungeon.
             The game lasted 00:38:52 (9492 turns).

Eitelfritz the Brawler (Troll Monk)                 Turns: 9492, Time: 00:38:53

Health: -6/99      AC: 16    Str: 28    XL:     12   Next: 44%
Magic:  0/11       EV: 13    Int: 10    God:    Hepliaklqana [****..]
Gold:   90         SH:  0    Dex: 12    Spells: 10/11 levels left

rFire    + . .     SeeInvis +     - Unarmed
rCold    + . .     Faith    .   (no shield)
rNeg     . . .     Spirit   +   K - +0 swamp dragon scales
rPois    +         Reflect  .   y - +2 hat
rElec    .         Harm     .   v - +1 cloak {Stlth+}
rCorr    .         Rampage  .   (gloves unavailable)
Will     .....                  (boots unavailable)
Stlth    +.........             B - amulet of Xyiniulu {Spirit rF+ SInv Stlth-}
HPRegen  0.66/turn              m - ring of protection from cold
MPRegen  0.12/turn              O - +6 ring of strength

@: no status effects
A: large, unfitting armour, reduced essence, claws 3, regeneration 1, shaggy fur
1, tough skin 3
a: Renounce Religion, Recall Ancestor, Ancestor Identity, Transference, Idealise


You were on level 12 of the Dungeon.
You worshipped Hepliaklqana.
Hepliaklqana was greatly pleased with you.
You visited 2 branches of the dungeon, and saw 13 of its levels.

You collected 520 gold pieces.
You spent 430 gold pieces at shops.

Inventory:

Hand Weapons
 t - a +0 giant club
 u - a +1 giant spiked club
Missiles
 x - 9 boomerangs (quivered)
Armour
 n - a scarf of repulsion
 v - a +1 cloak of stealth (worn)
 y - a +2 hat (worn)
 A - a +1 cloak of poison resistance
 F - a +1 robe of willpower
 K - +0 swamp dragon scales (worn)
Jewellery
 i - an uncursed amulet of the acrobat
 m - a ring of protection from cold (left claw)
 p - an uncursed amulet of regeneration
 B - the amulet of Xyiniulu (around neck) {Spirit rF+ SInv Stlth-}
   (You acquired it on level 8 of the Dungeon)

   [amulet of guardian spirit]

   It causes incoming damage to be split between your health and magic.
   It protects you from fire.
   It lets you see invisible.
   It makes you less stealthy.
 M - an uncursed amulet of guardian spirit
 O - a +6 ring of strength (right claw)
 P - an uncursed ring of see invisible {unknown}
Wands
 l - a wand of disintegration (55)
 w - a wand of acid (7)
 C - a wand of polymorph (5)
 G - a wand of digging (11)
 H - a wand of flame (32)
 J - a wand of iceblast (6)
 N - a wand of enslavement (9)
Scrolls
 a - 3 scrolls of fear
 c - 2 scrolls of magic mapping
 e - 5 scrolls of teleportation
 k - 5 scrolls of remove curse
 o - a scroll of enchant armour
 s - 3 scrolls of enchant weapon
 z - 2 scrolls of blinking
 D - 5 scrolls of identify
 L - a scroll of amnesia
Potions
 b - 7 potions of curing
 d - a potion of magic
 f - 3 potions of lignification
 g - a potion of cancellation
 h - 6 potions of attraction
 j - 2 potions of haste
 q - 3 potions of brilliance
 r - a potion of heal wounds
 E - a potion of invisibility
 I - a potion of flight


   Skills:
 + Level 5.6 Fighting
 + Level 4.3 Armour
 + Level 8.3 Dodging
 + Level 3.4 Stealth
 + Level 15.4 Unarmed Combat


You had 10 spell levels left.
You knew the following spells:

 Your Spells              Type           Power        Failure   Level
a - Corona                Hex            0%           47%         1

Your spell library contained the following spells:

 Spells                   Type           Power        Failure   Level
 Freeze                   Ice            0%           47%         1
 Magic Dart               Conj           0%           47%         1
 Ensorcelled Hibernation  Hex/Ice        0%           63%         2
 Searing Ray              Conj           0%           63%         2
 Confusing Touch          Hex            0%           85%         3
 Dazzling Flash           Conj/Hex       0%           85%         3
 Frozen Ramparts          Ice            0%           85%         3
 Ozocubu's Armour         Ice            0%           85%         3
 Tukima's Dance           Hex            0%           85%         3
 Fulminant Prism          Conj/Hex       0%           99%         4
 Hailstorm                Conj/Ice       0%           99%         4
 Iskenderun's Mystic Bla  Conj/Tloc      0%           99%         4
 Summon Ice Beast         Ice/Summ       0%           99%         4
 Bolt of Magma            Conj/Fire/Erth 0%           100%        5
 Iskenderun's Battlesphe  Conj           0%           100%        5
 Iron Shot                Conj/Erth      0%           100%        6
 Orb of Destruction       Conj           0%           100%        7
 Spellforged Servitor     Conj/Summ      0%           100%        7


Dungeon Overview and Level Annotations

Branches:
Dungeon (12/15)            Temple (1/1) D:6            Lair (0/6) D:11
    Orc (0/2) D:12

Altars:
Ashenzari
Cheibriados
Dithmenos
Elyvilon
Fedhas
Gozag
Hepliaklqana
Kikubaaqudgha
Makhleb
Nemelex Xobeh
Okawaru
Qazlal
Ru
Sif Muna
Trog
Uskayaw
Vehumet
Wu Jian
Xom
Yredelemnul
Zin
The Shining One

Shops:
D:4 [   D:5 ?   D:10 *

Portals:
Trove: D:10 (give +2 shadow dragon scales)


Innate Abilities, Weirdness & Mutations

You are too large for most types of armour.
You have claws for hands.
Your natural rate of healing is unusually fast.
You are covered in fur. (AC +1)
You have extremely tough skin. (AC +3)
Your life essence is reduced to manifest your ancestor. (-10% HP)


Message History

The sentinel's mark upon you fades away.
The large slime creature hits you!!
* * * LOW HITPOINT WARNING * * *
Something hits Cynebald.
Cynebald is destroyed!
A water moccasin comes into view.
The adder hisses angrily.
You feel much better. The large slime creature hits you!
* * * LOW HITPOINT WARNING * * *
You scratch the large slime creature but do no damage.
The large slime creature is severely wounded.
An adder comes into view.
The large slime creature hits you but does no damage.
You barely miss the large slime creature.
The large slime creature is severely wounded.
An adder comes into view.
You claw the large slime creature!
The large slime creature is severely wounded.
The large slime creature hits you!!
You die...

##... ######## #.#.
##......###.#.
##.......(##.## #
#..........#.## ...
#.....)....#^.# #..#
#..........##..
#....####S.........##..
#..@JSOS.......)#.†.
.#.#.####SZS†...))##.#.
>.....Ooo[.S(....).†.#.
...##$.Z#§.............
....(....oo.........###.
..###.##.#...[......###.
# #$ #................ #
###...S......###.
##.............


You could see a large slime creature, 3 water moccasins, an ogre, 3 adders and a
bullfrog zombie.

Vanquished Creatures
  Harold (D:8)
  Erolcha (D:9)
  A death knight (D:11)
  A tengu warrior (D:12)
  4 two-headed ogres
  2 skeletal warriors (D:12)
  Pikel (D:7)
  The ghost of Cykl0x the Slasher, a novice FoFi (D:5)
  An ugly thing (D:12)
  Maurice (D:8)
  Joseph (D:9)
  A gargoyle (D:10)
  Maggie (D:8)
  A freezing wraith (D:12)
  A komodo dragon (D:10)
  2 trolls
  A hornet (D:8)
  Sigmund (D:5)
  2 shadows
  3 wraiths
  Eustachio (D:5)
  A yak (D:11)
  A basilisk (D:10)
  2 steam dragons
  A water moccasin (D:7)
  A warg (D:12)
  2 soldier ants (D:9)
  6 orc warriors
  An ice beast (D:6)
  3 sky beasts
  An eye of draining (D:12)
  2 phantoms
  4 ogres
  A lemure (D:7)
  2 necrophages
  5 centaurs
  2 big kobolds
  11 bullfrogs
  A wyvern zombie (D:8)
  A water moccasin skeleton (D:7)
  5 scorpions
  21 killer bees
  16 wights
  4 howler monkeys
  2 bullfrog zombies
  2 centaur zombies
  2 jellies
  9 hounds
  5 orc priests
  Crazy Yiuf (D:5)
  11 orc wizards
  4 iguanas
  Ijyb (D:5)
  6 worker ants
  A hound zombie (D:6)
  10 adders
  7 gnolls
  A howler monkey skeleton (D:7)
  A river rat (D:5)
  A shadow imp (D:10)
  2 white imps
  5 ufetubi
  2 oozes
  3 adder skeletons
  5 worms
  7 dart slugs
  2 leopard geckos
  36 orcs
  8 giant cockroaches
  7 goblins
  12 hobgoblins
  8 jackals
  18 kobolds
  4 quokkas
  A ball python skeleton (D:4)
  8 bats
  7 frilled lizards
  A jackal zombie (D:5)
  3 rats
  A bush (D:1)
327 creatures vanquished.

Vanquished Creatures (collateral kills)
  An unseen horror (D:10)
  A centaur skeleton (D:10)
  A troll (D:9)
  A hornet (D:10)
  2 yaks (D:11)
  An ice beast (D:10)
  An ogre (D:9)
  2 killer bees (D:10)
  A wight (D:12)
  An iguana (D:12)
  4 orcs
  A quokka skeleton (D:9)
17 creatures vanquished.

Vanquished Creatures (others)
  A centaur (D:4)
  4 hexers
  An adder skeleton (D:4)
  An orc (D:4)
  A quokka (D:4)
  A jackal skeleton (D:4)
  2 plants (D:1)
11 creatures vanquished.

Grand Total: 355 creatures vanquished

Notes
Turn   | Place    | Note
-------+----------+-------------------------------------------
     0 | D:1      | Eitelfritz the Troll Monk began the quest for the Orb.
     0 | D:1      | Reached XP level 1. HP: 22/22 MP: 0/0
    42 | D:1      | You fall into a shaft and drop 1 floor!
    54 | D:2      | Reached XP level 2. HP: 27/29 MP: 1/1
   341 | D:1      | Reached XP level 3. HP: 36/36 MP: 2/2
  1132 | D:2      | Reached XP level 4. HP: 44/44 MP: 3/3
  1191 | D:2      | Reached skill level 4 in Unarmed Combat
  1383 | D:2      | Found a basalt altar of Yredelemnul.
  1402 | D:2      | Found an ancient bone altar of Kikubaaqudgha.
  1405 | D:2      | Found a hide-covered altar of Uskayaw.
  1408 | D:2      | Found a glowing golden altar of the Shining One.
  2124 | D:4      | Reached XP level 5. HP: 53/53 MP: 4/4
  2140 | D:4      | Killed a centaur
  2143 | D:4      | Noticed an ogre
  2144 | D:4      | Found a shimmering altar of Xom.
  2170 | D:4      | Killed an ogre
  2171 | D:4      | Reached skill level 5 in Unarmed Combat
  2254 | D:4      | Noticed an ogre
  2261 | D:4      | Killed an ogre
  2262 | D:4      | Reached XP level 6. HP: 59/61 MP: 5/5
  2341 | D:4      | Learned a level 1 spell: Corona
  2488 | D:4      | Reached skill level 6 in Unarmed Combat
  2562 | D:4      | Reached XP level 7. HP: 54/67 MP: 6/6
  2709 | D:4      | Found Pusir's Antique Armour Emporium.
  2714 | D:4      | Bought an embroidered hat for 168 gold pieces
  2846 | D:5      | Entered Level 5 of the Dungeon
  2846 | D:5      | Noticed Eustachio
  2863 | D:5      | Killed Eustachio
  2871 | D:5      | Reached skill level 7 in Unarmed Combat
  2914 | D:5      | Found Roll's Magic Scroll Boutique.
  2935 | D:5      | Noticed Sigmund
  2946 | D:5      | Bought a scroll of identify for 24 gold pieces
  2994 | D:5      | Noticed Ijyb
  3024 | D:5      | Killed Sigmund
  3025 | D:5      | Reached XP level 8. HP: 75/75 MP: 7/7
  3142 | D:5      | Found a runed translucent door.
  3143 | D:5      | Noticed Crazy Yiuf
  3176 | D:5      | Found a runed translucent door.
  3180 | D:5      | Noticed Cykl0x's ghost (novice FoFi)
  3228 | D:5      | Killed Ijyb
  3229 | D:5      | Reached skill level 8 in Unarmed Combat
  3291 | D:5      | Found a runed translucent door.
  3475 | D:5      | Killed Crazy Yiuf
  3619 | D:6      | Reached skill level 5 in Dodging
  3800 | D:6      | Reached skill level 9 in Unarmed Combat
  3825 | D:6      | Found an iron altar of Okawaru.
  3825 | D:6      | Found a blossoming altar of Fedhas.
  3994 | D:6      | Found a staircase to the Ecumenical Temple.
  4003 | Temple   | Entered the Ecumenical Temple
  4315 | D:6      | Reached XP level 9. HP: 81/83 MP: 8/8
  4532 | D:6      | Reached skill level 10 in Unarmed Combat
  5007 | D:7      | Reached skill level 11 in Unarmed Combat
  5013 | D:7      | Noticed Pikel
  5027 | D:7      | Killed Pikel
  5144 | D:7      | Reached XP level 10. HP: 84/94 MP: 9/9
  5600 | D:4      | Bought a glowing robe for 88 gold pieces
  5668 | D:5      | Killed Cykl0x's ghost
  5763 | D:8      | Reached skill level 12 in Unarmed Combat
  5875 | D:8      | Noticed Harold
  5880 | D:8      | Noticed Maurice
  5906 | D:8      | Killed Harold
  5935 | D:8      | Killed Maurice
  6047 | D:8      | Noticed Maggie
  6058 | D:8      | Killed Maggie
  6226 | D:8      | Reached skill level 13 in Unarmed Combat
  6398 | D:8      | Found a snail-covered altar of Cheibriados.
  6450 | D:8      | Identified a scroll of acquirement
  6450 | D:8      | Acquired the amulet of Xyiniulu {Spirit rF+ SInv Stlth-}
  6598 | Temple   | Became a worshipper of Hepliaklqana the Forgotten
  6598 | Temple   | Reached * piety under Hepliaklqana
  6598 | Temple   | Reached ** piety under Hepliaklqana
  6599 | Temple   | Remembered your ancestor Cynebald as a hexer
  6801 | D:9      | Found a burning altar of Makhleb.
  6878 | D:9      | Reached XP level 11. HP: 73/90 MP: 10/10
  7086 | D:9      | Noticed Joseph
  7109 | D:9      | Killed Joseph
  7219 | D:9      | Noticed Erolcha
  7231 | D:9      | Killed Erolcha
  7232 | D:9      | Reached skill level 1 in Armour
  7428 | D:9      | Noticed a two-headed ogre
  7435 | D:9      | Killed a two-headed ogre
  7822 | D:10     | Entered Level 10 of the Dungeon
  7838 | D:10     | Noticed an unseen horror
  7839 | D:10     | Reached skill level 5 in Fighting
  7865 | D:10     | Killed an unseen horror
  7869 | D:10     | Reached skill level 14 in Unarmed Combat
  8017 | D:10     | Found a portal to a secret trove of treasure.
  8042 | D:10     | Reached *** piety under Hepliaklqana
  8239 | D:10     | Found Zeutegau's Assorted Antiques.
  8244 | D:10     | Bought a scroll labelled XIXUSE JEAKH for 25 gold pieces
  8244 | D:10     | Bought a scratched coral ring for 125 gold pieces
  8465 | D:11     | Noticed a two-headed ogre
  8465 | D:11     | Noticed a two-headed ogre
  8475 | D:11     | Killed a two-headed ogre
  8479 | D:11     | Killed a two-headed ogre
  8857 | D:11     | Found a staircase to the Lair.
  8924 | D:11     | Reached XP level 12. HP: 93/94 MP: 11/11
  8931 | D:12     | Reached **** piety under Hepliaklqana
  8960 | D:12     | Noticed a death knight
  8963 | D:12     | Noticed a tengu warrior
  9142 | D:11     | Killed a death knight
  9143 | D:11     | Reached skill level 15 in Unarmed Combat
  9233 | D:12     | Killed a tengu warrior
  9267 | D:12     | Found a staircase to the Orcish Mines.
  9365 | D:12     | Noticed a two-headed ogre
  9370 | D:12     | Killed a two-headed ogre
  9492 | D:12     | Mangled by a large slime creature

Illustrated notes

Levels and vault maps discovered:
D:1:      saegor_arrival_simple_b, layout_loops_corners, serial_forest,
          infiniplex_forest_end_3, infiniplex_forest_straight_1,
          infiniplex_forest_end_2, infiniplex_forest_lined_3,
          infiniplex_forest_end_1, infiniplex_forest_join,
          minmay_misc_feat_alley
D:2:      layout_rooms, grunt_temple_overflow_cloverleaf
D:3:      layout_rooms, minmay_surrounded
D:4:      layout_loops_cross, serial_shops, kennysheep_mini_moat,
          kennysheep_crisscross, xom_confusion_cloud
D:5:      layout_rooms, serial_shops, shop_scrolls, ebering_ghost_sewer_f,
          uniq_eustachio, uniq_ijyb, uniq_crazy_yiuf_cottage, uniq_sigmund
D:6:      layout_rooms, amethyst_overflow_temple_binary,
          lemuel_temple_firewalk_b
D:7:      layout_loops_ring, uniq_pikel
D:8:      layout_rooms, chei_slow_surprise, uniq_maurice, uniq_maggie,
          uniq_harold
D:9:      layout_basic, old_standard_altar, hangedman_pestilent_swarm,
          uniq_joseph, uniq_erolcha
D:10:     layout_cave_pools, nicolae_trove_entry_crystal, serial_shops,
          kennysheep_little_box
D:11:     layout_rooms, lair_entry_dummy, blue_anna_alchemist
          [blue_anna_fruit_fields, blue_anna_fruit_fields]
D:12:     lemuel_reptile_caves, layout_rooms, david_orc_3
Temple:   regret_index_temple_generic_petals

Skill      XL: |  1  2  3  4  5  6  7  8  9 10 11 12 |
---------------+-------------------------------------+-----
Dodging        | 3 4 5 6 7 8 |  8.3
Unarmed Combat | 4 5 6 7 9 11 13 14 15 | 15.4
Fighting       | 3 4 5 |  5.6
Stealth        | 2 3 |  3.4
Armour         | 3 4 |  4.3

Action                   |  1- 3 |  4- 6 |  7- 9 | 10-12 || total
-------------------------+-------+-------+-------+-------++-------
Melee: Unarmed           |   145 |   147 |   341 |   484 ||  1117
       Punch             |     4 |     8 |    21 |    29 ||    62
Invok: Ancestor Life: He |       |       |       |     1 ||     1
       Recall Ancestor   |       |       |       |     1 ||     1
  Use: Scroll            |       |       |    18 |     8 ||    26
       Potion            |       |       |       |     1 ||     1
 Stab: Sleeping          |     3 |     1 |     1 |     1 ||     6
       Distracted        |       |       |       |     3 ||     3
       Confused          |       |       |       |     4 ||     4
Armor: Robe              |    41 |    52 |   153 |    65 ||   311
       Swamp dragon scal |       |       |       |   120 ||   120
Dodge: Dodged            |    52 |   103 |   220 |   282 ||   657
